 Dungeon Crawl Stone Soup version 0.32-a0-999-gfa1cc04b1d (webtiles) character file.

Game seed: 17953562556467419816

102 KennySheep the Chopper (level 4, -3/40 HPs)
             Began as a Mountain Dwarf Chaos Knight on Apr 24, 2024.
             Was a Plaything of Xom.
             Slain by a gnoll
             ... wielding a +0 halberd
              (6 damage)
             ... on level 2 of the Dungeon.
             The game lasted 00:09:27 (1531 turns).

KennySheep the Chopper (MDCK)                       Turns: 1531, Time: 00:09:28

Health: -3/40      AC:  5    Str: 15 (16) XL:     4   Next: 49%
Magic:  5/5        EV: 10    Int: 13      God:    Xom [..*...]
Gold:   52         SH:  0    Dex:  7 (9)  Spells: 2/4 levels left

rFire   . . .        a - +1 hand axe (chaos)
rCold   . . .        (no shield)
rNeg    . . .        b - +2 leather armour
rPois   +            (no helmet)
rElec   .            (no cloak)
rCorr   .            (no gloves)
SInv    .            (no boots)
Will    .....        (no amulet)
Stlth   +            i - ring of poison resistance
HPRegen 0.26/turn    (no ring)
MPRegen 0.09/turn

%: no passive effects
@: no status effects
A: runic magic, artefact enchanting
a: Renounce Religion


You were on level 2 of the Dungeon.
You worshipped Xom.
You were a toy of Xom.
You visited 1 branch of the dungeon, and saw 3 of its levels.

You collected 52 gold pieces.

Inventory:

Hand Weapons
 a - a +1 hand axe of chaos (weapon)
Armour
 b - a +2 leather armour (worn)
Jewellery
 i - a ring of poison resistance (left hand)
Scrolls
 c - 2 scrolls of butterflies
 e - a scroll of poison
 f - a scroll of noise
 g - 2 scrolls of identify


   Skills:
 + Level 3.8 Fighting
 - Level 4.5 Axes
 + Level 3.0 Armour
 - Level 1.2 Dodging
 * Level 0.9 Spellcasting
 * Level 1.4 Fire Magic


You had 2 spell levels left.
You knew the following spells:

 Your Spells              Type           Power      Damage    Failure   Level
a - Blink                 Tloc           0%         N/A       41%         2

Your spell library contained the following spells:

 Spells                   Type           Power      Damage    Failure   Level
 Scorch                   Fire           8%         2d5       24%         2
 Kiss of Death            Conj/Necr      0%         2d5       30%         1
 Magic Dart               Conj           0%         1d3       30%         1
 Call Imp                 Summ           0%         N/A       41%         2
 Confusing Touch          Hex            0%         N/A       65%         3
 Flame Wave               Conj/Fire      2%         2d4       91%         4
 Dispel Undead            Necr           0%         3d6       96%         4
 Summon Cactus Giant      Summ           0%         N/A       100%        6


Dungeon Overview and Level Annotations

Branches:
Dungeon (3/15)

Altars:

Shops:
D:1 (

Annotations:
D:3 Ijyb


Innate Abilities, Weirdness & Mutations

Your spellcasting is much less encumbered by armour.
You can use scrolls of enchantment on lesser artefacts.


Message History

Ijyb zaps a wand.
You turn into a bat.
Your +1 hand axe of chaos melds into your body.
Your +2 leather armour melds into your body.
Your ring of poison resistance melds into your body.
You see here a +0 spear.
Found a scroll of identify.
There is a stone staircase leading up here.
You fly upwards.
There is a stone staircase leading down here.
You start resting.
A gnoll is nearby!
You start resting.
Your transformation is almost over.
You feel less batty.
Your +1 hand axe of chaos unmelds from your body.
Your +2 leather armour unmelds from your body.
Your ring of poison resistance unmelds from your body.
Your +1 hand axe of chaos is briefly surrounded by a scintillating aura of random colours.
You start resting.
A gnoll is nearby!
This spell is dangerous to cast!
The gnoll shouts!
You start memorising the spell.
You continue memorising. x2
The gnoll hits you from afar with a +0 halberd.
Your memorisation is interrupted.
The gnoll hits you but does no damage.
You hit the gnoll. You freeze the gnoll.
The gnoll is lightly wounded.
The gnoll barely misses you.
You hit the gnoll but do no damage.
The gnoll is lightly wounded.
The gnoll hits you with a +0 halberd!
* * * LOW HITPOINT WARNING * * *
You hit the gnoll.
The gnoll is moderately wounded.
The gnoll hits you with a +0 halberd!
* * * LOW HITPOINT WARNING * * *
You emit a cloud of colourful smoke!
The gnoll hits you with a +0 halberd.
You die...

##............#.#.#.............#
................#.#.............#
#################.#.............#
# ########'#.............# ##
#.............÷........# .######
#......................# ......#
#............########### ......#
#.....§§§....# ......#
#......@g....# ......#
########§....###
......#######.#.#.#.#.#.######
......#......#.#.#.#.#.#.....#
......+...<.#.#.#.#.#.#.>....#
......#......#.#.#.#.#.#.....#
............#.#.#.#.#.#......#
####.........#.#.#.#.#.#.....#
.......######.#.#.#.#.#......#


You could see a gnoll.

Vanquished Creatures
  4 adders
  3 gnolls (D:3)
  A ribbon worm (D:2)
  7 ball pythons
  5 bats
  5 endoplasms
  A giant cockroach (D:1)
  A hobgoblin (D:1)
  3 quokkas
  3 frilled lizards
  2 goblins (D:1)
  3 kobolds
  2 rats
40 creatures vanquished.

Notes
Turn   | Place    | Note
-------+----------+-------------------------------------------
     0 | D:1      | KennySheep the Mountain Dwarf Chaos Knight began the quest
                  | for the Orb.
     0 | D:1      | Reached XP level 1. HP: 19/19 MP: 1/1
     2 | D:1      | Noticed a tengu
     2 | D:1      | Noticed a felid
     4 | D:1      | Noticed a dwarf
     6 | D:1      | Noticed a djinni
     6 | D:1      | Noticed a merfolk
     8 | D:1      | Noticed a vampire
    10 | D:1      | Noticed a ghoul
    10 | D:1      | Noticed a demigod
    12 | D:1      | Noticed a human
    12 | D:1      | Noticed an elf
    14 | D:1      | Noticed a troll
    14 | D:1      | Noticed a demonspawn
    16 | D:1      | Noticed a spriggan
    16 | D:1      | Noticed a formicid
    18 | D:1      | Noticed a minotaur
    18 | D:1      | Noticed a draconian
    20 | D:1      | Noticed an oni
    20 | D:1      | Noticed a naga
    22 | D:1      | Noticed an armataur
    24 | D:1      | Noticed a gargoyle
    26 | D:1      | Noticed an octopode
    26 | D:1      | Noticed a barachi
    28 | D:1      | Noticed a vine stalker
    80 | D:1      | XOM: divination: detect items
   133 | D:1      | Found Ycaonim's Antique Weapon Boutique.
   264 | D:1      | Reached XP level 2. HP: 26/26 MP: 2/2
   284 | D:1      | Reached skill level 4 in Axes
   424 | D:1      | XOM: smoke on damage
   533 | D:1      | XOM: noise
   542 | D:1      | Reached skill level 1 in Dodging
   809 | D:2      | Reached XP level 3. HP: 29/31 MP: 3/3
   823 | D:2      | Upgraded the game from 0.32-a0-996-gb3226c233f to
                  | 0.32-a0-999-gfa1cc04b1d
  1090 | D:2      | Learned a level 2 spell: Blink
  1263 | D:3      | XOM: summons 3 friendly demons
  1372 | D:3      | Reached XP level 4. HP: 11/40 MP: 4/4
  1381 | D:3      | Reached skill level 1 in Fire Magic
  1394 | D:3      | XOM: divination: detect items
  1433 | D:3      | HP: 3/60 [poisoned by an adder]
  1434 | D:3      | XOM: confuse monster(s)
  1463 | D:3      | Noticed Ijyb
  1531 | D:2      | XOM: smoke on damage
  1531 | D:2      | Slain by a gnoll

Illustrated notes

Levels and vault maps discovered:
D:1:      kb_arrival_jail, layout_loops_ring, serial_shops, nicolae_diamond_shop
D:2:      layout_basic, minivault_23, minmay_misc_feat_iff
D:3:      layout_loops_ring, portal_sewer_entry_c, nrook_loot_triangle,
          uniq_grinder, uniq_terence, uniq_ijyb

Skill      XL: |  1  2  3  4 |
---------------+-------------+-----
Axes           | 4 |  4.5
Dodging        | 1 |  1.2
Armour         | 3 |  3.0
Fire Magic     | 1 |  1.4
Fighting       | |  3.8
Spellcasting   | |  0.9

Action                     |  1- 3 |  4- 6 || total
---------------------------+-------+-------++-------
  Melee: Hand axe          |   114 |    32 ||   146
    Use: Scroll            |     4 |       ||     4
         Potion            |       |     5 ||     5
 Armour: Leather armour    |   108 |    25 ||   133
         Skin              |       |    49 ||    49
  Dodge: Dodged            |    63 |    13 ||    76

Table legend: (Time is in decaauts)
 A = Elapsed time spent in this place.
 B = Non-inter-level travel time spent in this place.
 C = Inter-level travel time spent in this place.
 D = Time resting spent in this place.
 E = Time spent auto-exploring this place.
 F = Levels seen in this place.
 G = Mean time per level.
                   A        B        C        D        E       F      G
               +--------+--------+--------+--------+--------+-----+--------+
         Total |   1536 |   1487 |     49 |    114 |   1001 |   3 |  512.0 |
       Dungeon |   1536 |   1487 |     49 |    114 |   1001 |   3 |  512.0 |
               +--------+--------+--------+--------+--------+-----+--------+

Top non-repeatable levels by time:
     D:1: 770 daAuts
     D:2: 630 daAuts
     D:3: 136 daAuts
